AoeStats
← Khirs

Arena

505908747Analyzed
4v4 RM · 20d ago on Sep 11, 2026· 59m 21s· 8 players
Game mode
Random Map
Map size
Large (8 player)
Population
200
Speed
Normal
Resources
Standard
Victory
Conquest
Starting age
Dark Age
Ending age
Imperial Age
RankedLock teamsTeams togetherTeam positionsShared explorationLock speedFull tech treeHidden civsTurbo modeCheats
Victory
Defeat
🇺🇸 Wu · United States
901
+12
🇪🇸 Chinese · Spain
878
+12
🇲🇽 Mongols · Mexico
878
+27
🇹🇷 Huns · Türkiye
863
+13
🇲🇽 Spanish · Mexico
824
-13
🇻🇳 Persians · Vietnam
822
-13
🇨🇳 Turks · China
791
-12
🇨🇱 Hindustanis · Chile
790
-12
CACO
4:43 Loom
10:39 Feudal Age
11:24 Horse Collar
11:37 Double-Bit Axe
19:16 Castle Age
18:06 Stone Mining
18:31 Gold Mining
21:28 Wheelbarrow
20:40 Town Watch
25:22 Hand Cart
29:18 Imperial Age
29:09 Murder Holes
30:14 Ballistics
31:07 Gold Shaft Mining
31:12 Husbandry
31:11 Light Cavalry
33:04 Bloodlines
34:26 Chemistry
34:08 Forging
33:59 Scale Mail Armor
34:26 Caravan
34:14 Elite Skirmisher
34:22 Pikeman
35:03 Squires
36:15 Heavy Camel Rider
37:28 Conscription
39:12 Fletching
39:22 Padded Archer Armor
39:28 Scale Barding Armor
39:59 Iron Casting
39:36 Hussar
44:51 Bow Saw
46:44 Bodkin Arrow
47:04 Leather Archer Armor
51:44 Elite Ghulam
53:24 Squires
53:38 Heavy Plow
55:15 Chain Mail Armor
LV Chris R7
1:38 Loom
11:34 Feudal Age
13:27 Wheelbarrow
13:08 Double-Bit Axe
13:42 Gold Mining
19:20 Castle Age
17:31 Horse Collar
22:28 Caravan
26:54 Bow Saw
26:51 Heavy Plow
29:37 Hand Cart
34:15 Imperial Age
32:07 Forging
32:18 Squires
32:35 Pikeman
33:00 Gambesons
34:00 Arson
35:25 Coinage
35:51 Halberdier
36:31 Fletching
38:21 Iron Casting
37:47 Scale Mail Armor
39:20 Man-at-Arms
40:39 Thumb Ring
39:55 Elite Skirmisher
42:21 Chemistry
41:42 Ballistics
45:57 Husbandry
45:18 Cavalier
46:46 Bloodlines
47:44 Scale Barding Armor
47:34 Bodkin Arrow
47:40 Padded Archer Armor
49:42 Chain Barding Armor
49:24 Bracer
50:24 Blast Furnace
50:32 Paladin
david
9:57 Feudal Age
15:37 Castle Age
13:46 Double-Bit Axe
14:14 Horse Collar
16:30 Bow Saw
17:35 Heavy Plow
22:05 Stone Mining
22:01 Crossbowman
22:30 Elite Skirmisher
24:28 Fletching
27:21 Thumb Ring
31:05 Imperial Age
29:57 Wheelbarrow
29:07 Loom
30:13 Stone Shaft Mining
30:29 Town Watch
31:18 Caravan
31:35 Kamandaran
33:38 Chemistry
32:53 Bodkin Arrow
32:59 Padded Archer Armor
33:53 Scale Barding Armor
34:35 Leather Archer Armor
34:31 Forging
36:42 Ring Archer Armor
37:18 Chain Barding Armor
38:35 Crop Rotation
39:06 Two-Man Saw
41:06 Murder Holes
41:52 Plate Barding Armor
YellowyGnu8986
0:36 Loom
11:55 Feudal Age
13:42 Horse Collar
16:28 Castle Age
14:44 Double-Bit Axe
16:07 Wheelbarrow
16:42 Gold Mining
16:45 Stone Mining
17:09 Heavy Plow
18:15 Bow Saw
25:19 Hand Cart
29:26 Gold Shaft Mining
29:08 Caravan
29:24 Forging
32:46 Imperial Age
31:19 Iron Casting
30:36 Fletching
30:47 Padded Archer Armor
32:37 Squires
32:23 Arson
33:48 Conscription
33:30 Artillery
34:37 Two-Man Saw
34:42 Blast Furnace
33:38 Bodkin Arrow
33:59 Leather Archer Armor
35:28 Thumb Ring
41:52 Bracer
42:26 Ring Archer Armor
44:13 Fervor
44:25 Sanctity
48:41 Scale Barding Armor
49:37 Bloodlines
49:28 Husbandry
50:15 Chain Barding Armor
52:09 Plate Barding Armor
Khirs
0:33 Loom
12:49 Feudal Age
13:18 Horse Collar
13:27 Double-Bit Axe
21:10 Castle Age
19:20 Stone Mining
19:45 Fletching
20:02 Gold Mining
20:32 Padded Archer Armor
21:27 Forging
22:02 Bodkin Arrow
22:12 Crossbowman
24:15 Heavy Plow
25:07 Bow Saw
27:21 Stone Shaft Mining
28:37 Gold Shaft Mining
28:45 Ballistics
33:52 Imperial Age
31:50 Murder Holes
33:07 Leather Archer Armor
32:44 Pikeman
33:41 Fortified Wall
33:57 Scale Mail Armor
34:18 Thumb Ring
35:48 Chemistry
34:59 Bracer
35:27 Conscription
37:35 Elite Chu Ko Nu
39:42 Wheelbarrow
40:01 Ring Archer Armor
44:50 Chain Mail Armor
44:50 Elite Skirmisher
49:53 Rocketry
54:01 Rocketry
56:37 Halberdier
58:16 Great Wall
Gore
10:32 Feudal Age
15:38 Castle Age
18:05 Wheelbarrow
17:42 Horse Collar
17:51 Double-Bit Axe
28:02 Caravan
31:42 Imperial Age
30:00 Hand Cart
29:34 Town Watch
29:47 Fletching
29:58 Padded Archer Armor
30:45 Heavy Plow
31:00 Bow Saw
30:44 Gold Mining
30:45 Stone Mining
30:53 Bodkin Arrow
32:37 Bracer
32:53 Leather Archer Armor
32:04 Capped Ram
33:18 Bloodlines
33:09 Husbandry
33:57 Conscription
34:31 Gold Shaft Mining
34:13 Town Patrol
35:04 Drill
35:44 Ballistics
36:43 Chemistry
35:27 Siege Ram
39:15 Siege Engineers
38:32 Elite Mangudai
40:07 Scale Barding Armor
40:13 Forging
40:03 Murder Holes
40:20 Masonry
41:28 Light Cavalry
42:20 Hussar
42:37 Onager
43:54 Siege Onager
48:00 Chain Barding Armor
48:17 Iron Casting
53:14 Parthian Tactics
53:51 Heavy Camel Rider
56:21 Blast Furnace
thatmp
10:54 Feudal Age
9:10 Loom
15:26 Castle Age
14:59 Double-Bit Axe
14:56 Horse Collar
20:57 Town Watch
21:50 Wheelbarrow
23:56 Bow Saw
23:50 Heavy Plow
24:39 Gold Mining
24:39 Stone Mining
26:24 Gold Shaft Mining
26:58 Stone Shaft Mining
31:29 Imperial Age
29:25 Forging
29:15 Scale Mail Armor
30:04 Red Cliffs Tactics
31:15 Iron Casting
30:59 Squires
30:44 Arson
32:03 Chain Mail Armor
31:55 Town Patrol
32:10 Hand Cart
33:20 Blast Furnace
34:09 Two-Man Saw
35:04 Plate Mail Armor
34:59 Guilds
35:02 Sitting Tiger
36:00 Pikeman
36:41 Padded Archer Armor
36:50 Scale Barding Armor
37:27 Conscription
37:14 Halberdier
38:52 Chain Barding Armor
38:22 Fletching
40:40 Chemistry
40:01 Ballistics
39:52 Masonry
39:22 Treadmill Crane
40:33 Murder Holes
41:33 Bodkin Arrow
43:57 Bracer
44:35 Architecture
44:20 Onager
45:48 Elite Fire Archer
46:39 Red Cliffs Tactics
47:17 Husbandry
47:31 Bloodlines
47:17 Light Cavalry
51:54 Padded Archer Armor
52:31 Plate Barding Armor
53:19 Hussar
55:54 Leather Archer Armor
55:41 Caravan
58:44 Spies/Treason
Lethe
0:27 Loom
11:24 Feudal Age
19:46 Castle Age
18:10 Double-Bit Axe
18:33 Stone Mining
19:01 Horse Collar
19:21 Gold Mining
20:10 Scale Barding Armor
22:19 Marauders
33:51 Imperial Age
31:33 Fletching
32:26 Chain Barding Armor
32:21 Husbandry
32:42 Bodkin Arrow
33:33 Forging
34:32 Heavy Plow
34:44 Bow Saw
35:11 Gold Shaft Mining
34:23 Pikeman
36:47 Atheism
37:25 Plate Barding Armor
36:14 Cavalier
38:59 Wheelbarrow
38:09 Town Watch
39:11 Iron Casting
41:31 Hand Cart
42:20 Two-Man Saw
41:30 Town Patrol
42:25 Paladin
46:33 Blast Furnace
45:43 Caravan
47:52 Squires
52:54 Coinage
53:23 Guilds
56:46 Banking
Connection lost

Rejoining the realm…

Still unreachable

The connection could not be restored.

Session expired

The server has moved on; the page needs a fresh start.